 Dungeon Crawl Stone Soup version 0.23.2-33-g5129a83184 (webtiles) character file.

Game seed: 13893466875533006363

977 Bergy the Basher (level 8, 0/46 HPs)
             Began as a Gargoyle Fighter on June 30, 2019.
             Slain by an orc (5 damage)
             ... on level 5 of the Dungeon.
             The game lasted 00:15:54 (4487 turns).

Bergy the Basher (Gargoyle Fighter)                 Turns: 4487, Time: 00:15:54

Health: 0/46       AC:  0    Str: 22    XL:     8   Next: 17%
Magic:  8/8        EV:  7    Int:  9    God:
Gold:   168        SH: 10    Dex:  9    Spells: 7/7 levels left

rFire    . . .     SeeInvis .   B - +2 flail (crush)
rCold    . . .     Gourm    .   c - +0 shield
rNeg     + . .     Faith    .   b - +0 scale mail
rPois    ∞         Spirit   .   (no helmet)
rElec    +         Reflect  .   (no cloak)
rCorr    .         Harm     .   (no gloves)
MR       .....                  (no boots)
Stlth    ..........             (no amulet)
HPRegen  0.15/turn              (no ring)
MPRegen  0.11/turn              (no ring)

@: corroded
A: negative energy resistance 1, electricity resistance, unbreathing,
petrification resistance, rot immunity, AC +5
a: no special abilities


You were on level 5 of the Dungeon.
You were hungry.

You visited 2 branches of the dungeon, and saw 6 of its levels.

You collected 168 gold pieces.

Inventory:

Hand Weapons
 B - a +2 flail of crushing (weapon)
Armour
 b - a +0 scale mail (worn)
 c - a +0 shield (worn)
 g - a +0 helmet
Jewellery
 w - the ring of Cona {rCorr Str+10, unknown}
   (You found it on level 4 of the Dungeon)

   [ring of resist corrosion]

   It affects your strength (+10).
 y - a cursed amulet of inaccuracy {unknown}
Wands
 r - a wand of polymorph (2)
Scrolls
 h - a scroll of magic mapping {unknown}
 i - 5 scrolls of remove curse {unknown}
 j - 3 scrolls of identify {unknown}
 k - a scroll of noise {unknown}
 l - 2 scrolls of teleportation {unknown}
 n - 2 scrolls of enchant weapon {unknown}
 p - a scroll of amnesia {unknown}
 q - 2 scrolls of fog {unknown}
 t - 2 scrolls of enchant armour {unknown}
 u - a scroll of random uselessness {unknown}
Potions
 d - a potion of might
 e - 2 potions of lignification
 m - a potion of heal wounds {unknown}
 o - a potion of haste
 s - a potion of brilliance {unknown}
 x - a potion of curing {unknown}
 z - a potion of agility {unknown}
 A - a potion of invisibility
Comestibles
 f - 12 rations
 v - 2 chunks of flesh


   Skills:
 - Level 3.2 Fighting
 * Level 8.4 Maces & Flails
 - Level 3.2 Armour
 + Level 5.7 Shields


You had 7 spell levels left.
You didn't know any spells.
Your spell library was empty.

Dungeon Overview and Level Annotations

Branches:
Dungeon (5/15)             Temple (1/1) D:5

Altars:
Ashenzari
Cheibriados
Dithmenos
Fedhas
Gozag
Hepliaklqana
Kikubaaqudgha
Nemelex Xobeh
Qazlal
Ru
Sif Muna
Trog
Uskayaw
Vehumet
Xom
Yredelemnul
Zin
The Shining One

Shops:
D:5 }


Innate Abilities, Weirdness & Mutations

You are resistant to torment.
Your stone body is resilient. (AC +5)
You are immune to poison.
You resist negative energy. (rN+)
You are resistant to electric shocks. (rElec)
You can survive without breathing.
You are immune to petrification.
You are immune to rotting.


Message History

The orc barely misses you. You block the orc wizard's attack.
The orc hits you but does no damage. The jelly hits you. The acid corrodes you!
You are splashed with acid!
You sock the orc wizard!
You kill the orc wizard!
The orc hits you but does no damage. The orc hits you with a +0 club.
The jelly hits you. The acid corrodes you!
You are splashed with acid!
You closely miss the orc. The orc hits you. The orc hits you with a +0 club.
* * * LOW HITPOINT WARNING * * *
The jelly closely misses you.
You closely miss the orc. You block the orc's attack.
The orc barely misses you. You block the jelly's attack.
Your shield and scale mail prevent you from hitting the orc.
The orc closely misses you. The orc hits you with a +0 club.
* * * LOW HITPOINT WARNING * * *
You block the jelly's attack.
You hit the orc but do no damage. The orc hits you.
* * * LOW HITPOINT WARNING * * *
The jelly barely misses you. You block the orc's attack. The orc hits you.
You die...

#.....# #.##
#####.....### #..#
............. ##.#
#.##....... #..
#..≈≈§...# # ##
##. #.≈≈§≈≈.^#
.#..# #.
#≈§§§≈≈≈.###....#(
##
#≈≈§>§§§..........
#
#≈§≈≈≈≈≈..@).<....
#.≈≈§≈≈)#Joo......
#..§§§..#.........
##.##..##.........
#.....##.........
#####.#..........
#.#..........
#.#.......... #.#


You could see a jelly and 2 orcs.

Vanquished Creatures
  Grinder (D:4)
  Edmund (D:5)
  A sky beast (D:5)
  An ogre (D:5)
  A howler monkey (D:5)
  6 orc wizards
  2 orc priests
  A worker ant (D:4)
  A hound zombie (D:5)
  5 adders
  An ooze (D:5)
  2 adder skeletons (D:4)
  3 worms
  2 dart slugs
  2 leopard geckos
  20 orcs
  4 ball pythons
  5 giant cockroaches
  14 hobgoblins
  4 jackals
  6 kobolds
  A quokka (D:4)
  7 bats
  9 frilled lizards
  8 goblins
  9 rats
117 creatures vanquished.

Notes
Turn   | Place    | Note
-------+----------+-------------------------------------------
     0 | D:1      | Bergy the Gargoyle Fighter began the quest for the Orb.
     0 | D:1      | Reached XP level 1. HP: 14/14 MP: 1/1
    79 | D:1      | Reached XP level 2. HP: 15/19 MP: 2/2
   450 | D:1      | Reached XP level 3. HP: 22/23 MP: 3/3
   771 | D:2      | Reached skill level 3 in Maces & Flails
  1210 | D:2      | Reached XP level 4. HP: 25/28 MP: 4/4
  1670 | D:2      | Found a shadowy altar of Dithmenos.
  2043 | D:3      | Reached skill level 4 in Maces & Flails
  2213 | D:3      | Reached XP level 5. HP: 30/32 MP: 5/5
  2617 | D:4      | Noticed Grinder
  2647 | D:4      | Killed Grinder
  2647 | D:4      | Reached skill level 5 in Maces & Flails
  2647 | D:4      | Reached XP level 6. HP: 15/37 MP: 6/6
  2877 | D:4      | Reached skill level 6 in Maces & Flails
  3216 | D:4      | Reached skill level 5 in Shields
  3227 | D:4      | Reached XP level 7. HP: 9/41 MP: 7/7
  3539 | D:4      | Got a faintly glowing bone ring
  3838 | D:5      | Entered Level 5 of the Dungeon
  3892 | D:5      | Reached skill level 7 in Maces & Flails
  4219 | D:5      | Found Zuraabim's Gadget Boutique.
  4234 | D:5      | Noticed Edmund
  4242 | D:5      | Found a shattered altar of Ashenzari.
  4258 | D:5      | Killed Edmund
  4258 | D:5      | Reached skill level 8 in Maces & Flails
  4258 | D:5      | Reached XP level 8. HP: 46/46 MP: 8/8
  4338 | D:5      | Found a staircase to the Ecumenical Temple.
  4353 | Temple   | Entered the Ecumenical Temple
  4487 | D:5      | Slain by an orc

Skill      XL: |  1  2  3  4  5  6  7 |
---------------+----------------------+-----
Maces & Flails | 3 4 5 6 8 |  8.4
Shields        | 4 5 |  5.7
Fighting       | |  3.2
Armour         | |  3.2

Action                   |  1- 3 |  4- 6 |  7- 9 || total
-------------------------+-------+-------+-------++-------
Melee: Flail             |   180 |   208 |   147 ||   535
       Unarmed           |       |    12 |       ||    12
  Use: Potion            |       |     1 |     1 ||     2
  Eat: Chunk             |     1 |     7 |     4 ||    12
Armor: Scale mail        |   114 |   101 |    50 ||   265
       Skin              |       |    16 |     6 ||    22
Dodge: Dodged            |    77 |    65 |    25 ||   167
Block: Shield            |   105 |   127 |    53 ||   285
